 Dungeon Crawl Stone Soup version 0.28-a0-938-gbc3f381ebc (webtiles) character file.

Game seed: 13250175451247925894

63 miscthings the Charlatan (level 4, -3/35 HPs)
             Began as a Merfolk Artificer on Nov 28, 2021.
             Slain by a gnoll (13 damage)
             ... on level 2 of the Dungeon.
             The game lasted 00:03:07 (2243 turns).

miscthings the Charlatan (Merfolk Artificer)        Turns: 2243, Time: 00:03:08

Health: -3/35      AC:  4    Str: 13    XL:     4   Next: 10%
Magic:  4/4        EV: 12    Int: 10    God:
Gold:   122        SH:  0    Dex: 14    Spells: 3/3 levels left

rFire   . . .      SeeInvis .   m - +0 trident
rCold   . . .      Faith    .   (no shield)
rNeg    . . .      Spirit   .   b - +0 leather armour
rPois   .          Reflect  .   (no helmet)
rElec   .          Harm     .   a - +0 cloak
rCorr   .          Rampage  .   (no gloves)
Will    .....                   (no boots)
Stlth   +.........              (no amulet)
HPRegen 0.11/turn               (no ring)
MPRegen 0.09/turn               (no ring)

@: hasted, very quick
A: (nimble swimmer 2), mertail
a: no special abilities


You were on level 2 of the Dungeon.
You visited 1 branch of the dungeon, and saw 2 of its levels.

You collected 122 gold pieces.

Inventory:

Hand Weapons
 m - a +0 trident (weapon)
Armour
 a - a +0 cloak (worn)
 b - a +0 leather armour (worn)
Wands
 c - a wand of flame (12) (quivered)
 d - a wand of charming (13)
 r - a wand of paralysis (3)
Scrolls
 f - 2 scrolls of teleportation {unknown}
 g - 2 scrolls of immolation {unknown}
 h - 2 scrolls of identify {unknown}
 k - a scroll of fog {unknown}
 l - 3 scrolls of torment {unknown}
Miscellaneous
 e - a piece from Xom's chessboard (15/15)


   Skills:
 - Level 3.0 Fighting
 + Level 3.0 Polearms
 - Level 0.6 Armour
 - Level 2.6 Dodging
 - Level 1.1 Stealth
 - Level 3.2 Evocations


You had 3 spell levels left.
You didn't know any spells.
Your spell library contained the following spells:

 Spells                   Type           Power      Damage    Failure   Level
 Stone Arrow              Conj/Erth      0%         3d7       82%         3
 Animate Armour           Summ/Erth      0%         N/A       99%         4
 Blade Hands              Tmut           0%         N/A       100%        5
 Irradiate                Conj/Tmut      0%         3d13      100%        5
 Dragon Form              Tmut           0%         N/A       100%        7
 Lehudib's Crystal Spear  Conj/Erth      0%         10d2      100%        8


Dungeon Overview and Level Annotations

Branches:
Dungeon (2/15)

Altars:

Shops:
D:2 [


Innate Abilities, Weirdness & Mutations

((You are quick and stealthy near water. (Stealth+, EV+, Speed+++)))
Your lower body shifts to a powerful aquatic tail in water.


Message History

No target in view!
There is an open door here.
You open the door. 4 gnolls come into view.
A gnoll is wielding a +2 halberd of venom.
A gnoll is wielding a +1 vorpal spear.
The gnoll shouts! x4
The gnoll hits you from afar with a +0 spear.
There are monsters nearby!
Aiming: Charm
Press: ? - help, Shift-Dir - straight line, f - gnoll
Aim: a gnoll, wielding a +0 spear (chance to affect: 64%)
The gnoll struggles to resist.
The gnoll hits you from afar with a +0 spear.
Aiming: Charm
Press: ? - help, Shift-Dir - straight line, f/p - gnoll
Aim: a gnoll, wielding a +0 spear (chance to affect: 64%)
The gnoll is charmed.
The gnoll barely misses your gnoll. What are your orders? t - Shout!
Orders for allies: a - Attack new target. p - Attack previous target. r - Retreat! s - Stop attacking. g - Guard the area. f - Follow me.
Anything else - Cancel.
Guard this area!
Your gnoll hits the gnoll with a +0 spear.
The gnoll hits you from afar with a +2 halberd of venom!
* * * LOW HITPOINT WARNING * * *
You are lethally poisoned!
* * * LOW HITPOINT WARNING * * *
You feel sick.
The gnoll hits your gnoll with a +2 halberd of venom!
Your gnoll dies!
It was a potion of haste.
You feel yourself speed up.
* * * LOW HITPOINT WARNING * * *
You feel sick.
* * * LOW HITPOINT WARNING * * *
You feel sick.
It was a potion of curing.
You feel better.
The gnoll hits you from afar with a +2 halberd of venom!
You die...

.#.. #.# #. ... #.# #. #.#
#.# #. ##g## #.# #. ##..)##
##.# ##. ##...g.## ###..# #..
#......g## ##.#.##### #..
#........<####........###..
...........@................
............####....###.###.#
###........## #..#.# #.# #.#
#.#.....## #.##.# #.# #..
#.##...## #.##.###.# ### ##+#
#(.......# #.# ####.##### #.#
#.# ######.## #.# ####


You could see 3 gnolls.

Vanquished Creatures
  An adder (D:2)
  A worm (D:2)
  2 dart slugs
  3 ball pythons
  7 endoplasms
  3 giant cockroaches
  2 goblins (D:1)
  3 hobgoblins
  3 jackals (D:1)
  5 kobolds (D:1)
  A quokka (D:1)
  6 bats
  3 frilled lizards
  4 rats (D:1)
44 creatures vanquished.

Vanquished Creatures (others)
  A gnoll (D:2)
1 creature vanquished.

Grand Total: 45 creatures vanquished

Notes
Turn   | Place    | Note
-------+----------+-------------------------------------------
     0 | D:1      | miscthings the Merfolk Artificer began the quest for the
                  | Orb.
     0 | D:1      | Reached XP level 1. HP: 15/15 MP: 1/1
   335 | D:1      | Reached XP level 2. HP: 19/22 MP: 2/2
   879 | D:1      | Reached XP level 3. HP: 19/28 MP: 3/3
  1136 | D:1      | Reached skill level 1 in Polearms
  1656 | D:2      | Found Ataxipta's Armour Emporium.
  1951 | D:2      | Reached XP level 4. HP: 22/35 MP: 4/4
  2243 | D:2      | Slain by a gnoll

Illustrated notes

Levels and vault maps discovered:
D:1:      elethiomel_arrival_infinity_welcomes_careful_drivers,
          layout_loops_ring, minmay_pentomino_v2
D:2:      layout_loops_corners, serial_shops, shop_coins, minivault_25

Skill      XL: |  1  2  3 |
---------------+----------+-----
Fighting       | 2 3 |  3.0
Polearms       | 3 |  3.0
Armour         | |  0.6
Dodging        | |  2.6
Stealth        | |  1.1
Evocations     | |  3.2

Action                   |  1- 3 |  4- 6 || total
-------------------------+-------+-------++-------
Melee: Club              |    51 |       ||    51
       Short sword       |    57 |       ||    57
       Trident           |    65 |     5 ||    70
Evoke: Wand              |     3 |     2 ||     5
       Piece from Xom's  |     2 |       ||     2
  Use: Potion            |       |     2 ||     2
 Stab: Sleeping          |     4 |       ||     4
Armor: Leather armour    |    42 |       ||    42
Dodge: Dodged            |   112 |     2 ||   114

Table legend: (Time is in decaauts)
 A = Elapsed time spent in this place.
 B = Non-inter-level travel time spent in this place.
 C = Inter-level travel time spent in this place.
 D = Time resting spent in this place.
 E = Time spent auto-exploring this place.
 F = Levels seen in this place.
 G = Mean time per level.
                   A        B        C        D        E       F      G
               +--------+--------+--------+--------+--------+-----+--------+
         Total |   2277 |   2256 |     21 |    803 |   1005 |   2 | 1138.5 |
       Dungeon |   2277 |   2256 |     21 |    803 |   1005 |   2 | 1138.5 |
               +--------+--------+--------+--------+--------+-----+--------+

Top non-repeatable levels by time:
     D:1: 1648 daAuts
     D:2: 629 daAuts
